[Event "Titled Tuesday Blitz January 25 2022"]
[White "Arabidze, Meri"]
[Black "Kravtsiv, Martyn"]
[WhiteFideId "13604040"]
[BlackFideId "14113147"]
[WhiteElo "2329"]
[BlackElo "2694"]
[Result "0-1"]
[Round "06"]
[TimeControl "180+1"]
[Date "2022.01.26"]
[WhiteClock "0:00:02"]
[BlackClock "0:00:09"]

1. Nf3 d5 2. g3 c5 3. Bg2 Nf6 4. O-O Nc6 5. d4 cxd4 6. Nxd4 e5 7. Nxc6 bxc6 8. c4 Be6 9. Nc3 Rc8 10. Bg5 d4 11. Ne4 Be7 12. Nxf6+ gxf6 13. Bh6 Bxc4 14. Qa4 Bb5 15. Qxa7 Qc7 16. Qxc7 Rxc7 17. Rfc1 c5 18. Rc2 Kd7 19. a4 Bc6 20. Bh3+ Kd6 21. Bf5 Ra8 22. a5 Rca7 23. Bd2 Bd8 24. b4 Bb5 25. Rxc5 Bxe2 26. Be4 Rb8 27. Rc6+ Ke7 28. Rac1 Bb5 29. R6c5 Bd7 30. Bxh7 Ke8 31. Bd3 Be7 32. Rc7 Rxc7 33. Rxc7 Bxb4 34. Bxb4 Rxb4 35. a6 Ra4 36. h4 Ra3 37. a7 Ra1+ 38. Kh2 Kd8 39. Rb7 Bc6 40. Rb8+ Kc7 41. Rb1 Rxa7 42. g4 e4 43. Bc4 d3 44. h5 Kd6 45. Kg3 Bd5 46. Bb5 Rb7 47. h6 Rb8 48. h7 Rh8 49. Rh1 Kc5 50. Rc1+ Kxb5 0-1


[Site "https://www.chess.com"]

[Event "Titled Tuesday Blitz January 25 2022"]
[White "Artemenko, Oleg"]
[Black "Urazayev, Arystanbek"]
[WhiteFideId "14201798"]
[BlackFideId "13709810"]
[WhiteElo "2287"]
[BlackElo "2321"]
[Result "1-0"]
[Round "06"]
[TimeControl "180+1"]
[Date "2022.01.26"]
[WhiteClock "0:00:47"]
[BlackClock "0:01:08"]

1. d4 d5 2. Nc3 e6 3. Bf4 a6 4. e4 dxe4 5. Nxe4 Nd7 6. Nf3 Ngf6 7. Ng3 c5 8. c3 Qb6 9. Qd2 cxd4 10. Nxd4 e5 11. Qe2 Be7 12. Ndf5 Nd5 13. Nxg7+ Kf8 14. Bxe5 f6 15. Bd4 Bc5 16. Ne6+ Kf7 17. Nxc5 Nxc5 18. Qh5+ Ke6 19. Bc4 Qd6 20. O-O f5 1-0


[Site "https://www.chess.com"]

[Event "Titled Tuesday Blitz January 25 2022"]
[White "Azadaliyev, Jahandar"]
[Black "Osmak, Yuliia"]
[WhiteFideId "13425811"]
[BlackFideId "14101602"]
[WhiteElo "1795"]
[BlackElo "2302"]
[Result "1-0"]
[Round "06"]
[TimeControl "180+1"]
[Date "2022.01.26"]
[WhiteClock "0:00:11"]
[BlackClock "0:00:05"]

1. d4 Nf6 2. c4 e6 3. Nf3 b6 4. g3 Bb7 5. Nbd2 c5 6. dxc5 Bxc5 7. Bg2 O-O 8. O-O d5 9. Nb3 Be7 10. Ne5 Nbd7 11. Nxd7 Qxd7 12. Bg5 Rfd8 13. Qc2 Rac8 14. Rfd1 Rxc4 15. Qd3 Qc7 16. Nd4 h6 17. Be3 Qb8 18. Bf4 Bd6 19. Be3 a6 20. b3 Rc7 21. h4 Rdc8 22. Qd2 Ng4 23. Bf4 Bxf4 24. Qxf4 Nf6 25. Qd2 Rc5 26. Bf3 Qe5 27. e3 Ne4 28. Qd3 Nc3 29. Rdc1 Nb5 30. Rd1 Qf6 31. Nxb5 Rxb5 32. Bg2 Rbc5 33. Rab1 Rc3 34. Qf1 Rc2 35. a4 Ra2 36. Rbc1 Rcc2 37. Rxc2 Rxc2 38. Qe1 Qc3 39. Qf1 Rd2 40. Rc1 Rc2 41. Rb1 Rb2 42. Rc1 Qxb3 43. Rc7 Rb1 44. Rc1 Rxc1 45. Qxc1 Qc4 46. Qb2 Qc5 47. Bf1 Bc6 48. Bxa6 Bxa4 49. Bd3 b5 50. Qe5 g6 51. h5 gxh5 52. Qxh5 Kg7 53. Qg4+ Kf8 54. Qf4 Ke7 55. Qxh6 Qc3 56. Qg5+ Qf6 57. Qg4 Bb3 58. Qb4+ Ke8 59. Qxb3 Qa1+ 60. Kg2 Qa5 61. Qxb5+ Qxb5 62. Bxb5+ Ke7 63. Kf3 e5 64. Bf1 Kd6 65. e4 d4 66. Ke2 f6 67. Kd3 Kc5 68. g4 Kd6 69. f4 exf4 70. Kxd4 f3 71. Ke3 f2 72. Kxf2 Ke5 73. Ke3 1-0


[Site "https://www.chess.com"]

[Event "Titled Tuesday Blitz January 25 2022"]
[White "Babazada, Khazar"]
[Black "Mirzoev, Azer"]
[WhiteFideId "13413554"]
[BlackFideId "13400304"]
[WhiteElo "2418"]
[BlackElo "2525"]
[Result "1-0"]
[Round "06"]
[TimeControl "180+1"]
[Date "2022.01.26"]
[WhiteClock "0:00:34"]
[BlackClock "0:00:10"]

1. Nf3 Nf6 2. g3 d5 3. Bg2 c6 4. O-O Bg4 5. b3 Nbd7 6. Bb2 e6 7. d3 Be7 8. Nbd2 a5 9. a3 O-O 10. e4 dxe4 11. dxe4 Nc5 12. Qe2 Qb6 13. Qe3 Ncd7 14. Qf4 Bh5 15. Nc4 Qa7 16. Rad1 Nb6 17. Ne3 Rfd8 18. g4 Bg6 19. Ne5 Nbd7 20. h4 Nxe5 21. Bxe5 h6 22. Nc4 b5 23. Nd6 Qc5 24. Nb7 Qxc2 25. Nxd8 Bxd8 26. h5 Bh7 27. Rc1 Qxb3 28. Rxc6 Qxa3 29. Rd1 Qa4 30. Qc1 Nxg4 31. Rxd8+ Rxd8 32. Rc8 Bxe4 33. Rxd8+ Kh7 34. Rd4 1-0


[Site "https://www.chess.com"]

[Event "Titled Tuesday Blitz January 25 2022"]
[White "Bacrot, Etienne"]
[Black "Al-Tarboush, Ward"]
[WhiteFideId "605506"]
[BlackFideId "7601450"]
[WhiteElo "2673"]
[BlackElo "2276"]
[Result "1-0"]
[Round "06"]
[TimeControl "180+1"]
[Date "2022.01.26"]
[WhiteClock "0:00:05"]
[BlackClock "0:00:01"]

1. Nf3 b6 2. g3 Bb7 3. Bg2 Nf6 4. O-O e6 5. b3 Be7 6. Bb2 O-O 7. c4 d5 8. cxd5 Nxd5 9. d4 Nf6 10. Nc3 Nbd7 11. Rc1 c5 12. dxc5 Bxc5 13. Qd3 Qe7 14. Ng5 Bxg2 15. Kxg2 h6 16. Nge4 Rfd8 17. Rfd1 Ne5 18. Qa6 Neg4 19. h3 Ne5 20. Nxf6+ Qxf6 21. Ne4 Qf5 22. f3 Be3 23. Rb1 h5 24. Qb7 Ng6 25. Nd6 Rxd6 26. Qxa8+ Kh7 27. Qe4 Qxe4 28. fxe4 Rc6 29. Bc1 Bc5 30. Bb2 Be3 31. Rd3 Bh6 32. Rc3 Rd6 33. Rc2 Rd7 34. Rf1 h4 35. Rf3 hxg3 36. Kxg3 e5 37. Rd3 Re7 38. Rd8 Bf4+ 39. Kf2 Re6 40. e3 Bg5 41. Rd7 Rf6+ 42. Ke2 a5 43. Rdc7 Nf8 44. R7c6 Ne6 45. Bxe5 Rh6 46. Rxb6 Rxh3 47. Bd4 Rh2+ 48. Kd3 Rh3 49. Re2 Nf4+ 50. Kd2 Nxe2 51. Kxe2 Rh2+ 52. Kf3 Rxa2 53. Rb7 f6 54. Ra7 Kg6 55. Bc5 Rb2 56. Bf8 Rxb3 57. Rxg7+ Kh5 58. Bc5 a4 59. Ra7 Rc3 60. Bd4 Rc4 61. Ra6 Rb4 62. Bc3 Rb3 63. Bd4 a3 64. Bc5 Rc3 65. Bd4 Rb3 66. Ke2 a2 67. Rxa2 Kg4 68. Ra4 Rb1 69. Ra5 Rc1 70. Rf5 Rc2+ 71. Kd3 Rc1 72. Bxf6 Rd1+ 73. Ke2 Rg1 74. Rxg5+ 1-0


[Site "https://www.chess.com"]

[Event "Titled Tuesday Blitz January 25 2022"]
[White "Belenkaya, Dina"]
[Black "Hjartarson, Johann"]
[WhiteFideId "24142654"]
[BlackFideId "2300044"]
[WhiteElo "2196"]
[BlackElo "2484"]
[Result "0-1"]
[Round "06"]
[TimeControl "180+1"]
[Date "2022.01.26"]
[WhiteClock "0:00:02"]
[BlackClock "0:00:23"]

1. Nf3 Nf6 2. g3 b5 3. Bg2 Bb7 4. d3 e6 5. e4 Be7 6. e5 Nd5 7. c4 bxc4 8. dxc4 Nb6 9. Nbd2 d6 10. c5 dxc5 11. O-O c4 12. Qe2 Qd3 13. Qd1 Bd5 14. Re1 O-O 15. Bf1 Qg6 16. Qe2 Nc6 17. b3 cxb3 18. axb3 Rfd8 19. Nc4 Bxf3 20. Qxf3 Nd4 21. Qc6 Nc2 22. Nxb6 cxb6 23. Be3 Nxe1 24. Rxe1 Bc5 25. Bxc5 Rac8 26. Rd1 bxc5 27. Qc7 Rf8 28. Qxa7 Qe4 29. Rc1 Qxe5 30. Ba6 Ra8 31. Qb7 Rab8 32. Qc6 Rxb3 33. Qxc5 Qxc5 34. Rxc5 g6 35. Kg2 Rd8 36. Rc7 Rb2 37. Bb7 Rdd2 38. Kh3 Rxf2 0-1


[Site "https://www.chess.com"]

[Event "Titled Tuesday Blitz January 25 2022"]
[White "Belov, Vladimir"]
[Black "Navalgund, Niranjan"]
[WhiteFideId "4132394"]
[BlackFideId "5030854"]
[WhiteElo "2501"]
[BlackElo "2290"]
[Result "0-1"]
[Round "06"]
[TimeControl "180+1"]
[Date "2022.01.26"]
[WhiteClock "0:00:02"]
[BlackClock "0:00:07"]

1. d4 Nf6 2. c4 e6 3. Nf3 Bb4+ 4. Nbd2 d6 5. a3 Bxd2+ 6. Qxd2 O-O 7. e3 b6 8. Be2 Bb7 9. b4 Nbd7 10. Bb2 Ne4 11. Qc2 f5 12. O-O Qf6 13. d5 e5 14. Ne1 Qg5 15. f4 Qh6 16. Bd3 Ndf6 17. h3 Ng3 18. Rf3 exf4 19. exf4 Nfe4 20. Bxe4 Nxe4 21. Nd3 Rae8 22. a4 Re7 23. a5 Rfe8 24. Bd4 b5 25. a6 Ba8 26. cxb5 Bxd5 27. Re3 g5 28. fxg5 Qxg5 29. Rf1 Ng3 30. Rxe7 Rxe7 31. Rf2 Ne4 32. Re2 f4 33. Qc1 Rf7 34. Bxa7 Qg3 35. Ne1 f3 36. Nxf3 Rxf3 37. Qd1 Rf5 38. Bd4 Ng5 0-1


[Site "https://www.chess.com"]

[Event "Titled Tuesday Blitz January 25 2022"]
[White "Blit, Jacques"]
[Black "Kucuksari, Kaan"]
[WhiteFideId "114839"]
[BlackFideId "6380166"]
[WhiteElo "2390"]
[BlackElo "2305"]
[Result "0-1"]
[Round "06"]
[TimeControl "180+1"]
[Date "2022.01.26"]
[WhiteClock "0:00:14"]
[BlackClock "0:00:03"]

1. e4 c6 2. d4 d5 3. Nc3 dxe4 4. Nxe4 Bf5 5. Ng3 Bg6 6. Nf3 Nd7 7. h4 h6 8. Bd3 Bxd3 9. Qxd3 e6 10. Bd2 Ngf6 11. O-O-O Bd6 12. Ne4 Nxe4 13. Qxe4 Nf6 14. Qe2 a5 15. Ne5 a4 16. Kb1 a3 17. b3 b5 18. Nxc6 Qb6 19. Ne5 O-O 20. Bc1 Nd5 21. Rd3 Rfc8 22. Qg4 Bxe5 23. dxe5 Qxf2 24. Bd2 Ra7 25. Rc1 Rac7 26. h5 Rxc2 27. Rxc2 Qf1+ 28. Rc1 Qxd3+ 29. Ka1 Rxc1+ 30. Bxc1 Qc3+ 31. Kb1 Qxe5 32. Bxa3 Qe1+ 33. Bc1 Nc3+ 34. Kb2 Ne2 35. Bxh6 Qc3+ 36. Kb1 Qd3+ 37. Kb2 Qc3+ 38. Kb1 Ng1 39. Bc1 Qd3+ 40. Kb2 Ne2 41. Bh6 g6 42. hxg6 fxg6 43. Qxe6+ Kh7 44. Bg5 Qc3+ 45. Kb1 Qe1+ 46. Kc2 Nd4+ 47. Kd3 Nxe6 0-1


[Site "https://www.chess.com"]

[Event "Titled Tuesday Blitz January 25 2022"]
[White "Bodnaruk, Anastasia"]
[Black "Gabdushev, Ruslan"]
[WhiteFideId "4181751"]
[BlackFideId "4137833"]
[WhiteElo "2393"]
[BlackElo "2312"]
[Result "1-0"]
[Round "06"]
[TimeControl "180+1"]
[Date "2022.01.26"]
[WhiteClock "0:00:54"]
[BlackClock "0:00:56"]

1. e4 Nc6 2. Nf3 d6 3. d4 Bg4 4. Be2 Nf6 5. Nc3 e6 6. O-O Be7 7. Be3 d5 8. e5 Nd7 9. h3 Bh5 10. Nd2 Bg6 11. f4 Nb4 12. Rc1 c5 13. Nf3 Nc6 14. Bd3 O-O 15. Bxg6 fxg6 16. Ne2 Qb6 17. b3 cxd4 18. Nexd4 Nxd4 19. Nxd4 Ba3 20. Rb1 Rad8 21. b4 a5 22. c3 axb4 23. cxb4 Ra8 24. Rb3 Qa6 25. b5 Qa4 26. Nxe6 Rfc8 27. Qxd5 Qc4 28. Qxd7 1-0


[Site "https://www.chess.com"]

[Event "Titled Tuesday Blitz January 25 2022"]
[White "Brunner, Nicolas"]
[Black "Wagner, Dennis"]
[WhiteFideId "620246"]
[BlackFideId "24650684"]
[WhiteElo "2372"]
[BlackElo "2355"]
[Result "0-1"]
[Round "06"]
[TimeControl "180+1"]
[Date "2022.01.26"]
[WhiteClock "0:00:04"]
[BlackClock "0:00:23"]

1. d4 Nf6 2. c4 e6 3. g3 d5 4. Nf3 Be7 5. Bg2 O-O 6. O-O dxc4 7. Qc2 a6 8. Qxc4 b5 9. Qc2 Bb7 10. Bd2 Ra7 11. Rc1 Nc6 12. e3 Qa8 13. Ne1 Nb4 14. Bxb4 Bxb4 15. Bxb7 Rxb7 16. Nd3 Bd6 17. Nd2 h5 18. h4 Rb6 19. Nc5 e5 20. Nde4 Nxe4 21. Qxe4 Qxe4 22. Nxe4 exd4 23. exd4 Re8 24. Nxd6 Rxd6 25. Rxc7 Rxd4 26. Rc2 g6 27. Rac1 Kg7 28. Kg2 a5 29. a3 Re6 30. Rc5 Rd2 31. R1c2 Rxc2 32. Rxc2 Re5 33. Rc6 Rd5 34. Ra6 a4 35. Rb6 Kf8 36. Rb7 Kg8 37. Kf3 Rd3+ 38. Kf4 Rb3 39. Ke5 Kg7 40. f4 Rxb2 41. f5 Rf2 42. fxg6 Kxg6 43. Rb6+ f6+ 44. Ke4 Rb2 45. Rb8 Rb3 46. Kf4 Kf7 47. Rb6 Ke7 48. Kf5 Kd7 49. Kxf6 Kc7 50. Re6 Rxa3 51. Re5 Kc6 52. Rxh5 Rxg3 53. Ke5 a3 54. Rh8 b4 55. Kd4 a2 0-1


[Site "https://www.chess.com"]

[Event "Titled Tuesday Blitz January 25 2022"]
[White "Bryakin, Mikhail"]
[Black "Kim, Sergey"]
[WhiteFideId "4165314"]
[BlackFideId "13700570"]
[WhiteElo "2421"]
[BlackElo "2619"]
[Result "1-0"]
[Round "06"]
[TimeControl "180+1"]
[Date "2022.01.26"]
[WhiteClock "0:01:14"]
[BlackClock "0:00:21"]

1. e4 e5 2. d4 exd4 3. Qxd4 Nc6 4. Qd3 Nf6 5. Nc3 Be7 6. a3 O-O 7. Bd2 d6 8. O-O-O a6 9. f4 b5 10. Nd5 Nxd5 11. exd5 Nb8 12. Nf3 f6 13. Nd4 f5 14. g3 Bf6 15. Bg2 Nd7 16. Ne6 Nc5 17. Nxc5 dxc5 18. d6 Ra7 19. Qd5+ Kh8 20. Qxc5 Rb7 21. Bxb7 Bxb7 22. Qxc7 Bxh1 23. Rxh1 Qa8 24. Rd1 Rc8 25. Qd7 Rd8 26. Qe6 Qc6 27. Ba5 Rc8 28. c3 1-0


[Site "https://www.chess.com"]

[Event "Titled Tuesday Blitz January 25 2022"]
[White "Daneshvar, Bardiya"]
[Black "Romanchuk, Viktor"]
[WhiteFideId "12576468"]
[BlackFideId "14109271"]
[WhiteElo "2295"]
[BlackElo "2242"]
[Result "1/2-1/2"]
[Round "06"]
[TimeControl "180+1"]
[Date "2022.01.26"]
[WhiteClock "0:02:12"]
[BlackClock "0:02:03"]

1. a3 d5 2. e3 c6 3. b4 Bf5 4. Bb2 e6 5. c4 Nd7 6. Nf3 Ngf6 7. Nc3 h6 8. d4 Bd6 9. Bd3 Bxd3 10. Qxd3 O-O 11. O-O Qe7 12. e4 dxc4 13. Qxc4 e5 14. dxe5 Nxe5 15. Nxe5 Bxe5 16. Rae1 Rad8 17. Qe2 Rfe8 1/2-1/2


[Site "https://www.chess.com"]

[Event "Titled Tuesday Blitz January 25 2022"]
[White "Dastan, Muhammed Batuhan"]
[Black "Deac, Bogdan-Daniel"]
[WhiteFideId "6300014"]
[BlackFideId "1226380"]
[WhiteElo "2410"]
[BlackElo "2646"]
[Result "1/2-1/2"]
[Round "06"]
[TimeControl "180+1"]
[Date "2022.01.26"]
[WhiteClock "0:00:21"]
[BlackClock "0:00:11"]

1. d4 Nf6 2. c4 g6 3. Nc3 d5 4. Nf3 Bg7 5. Qb3 dxc4 6. Qxc4 Be6 7. Qb5+ Bd7 8. Qxb7 Nc6 9. Qb3 Rb8 10. Qd1 Bf5 11. Qa4 Qd7 12. a3 Nd5 13. e3 Nxc3 14. bxc3 O-O 15. Bb5 Rb6 16. O-O Rfb8 17. c4 a6 18. Bxc6 Qxc6 19. Qxc6 Rxc6 20. c5 Rxc5 21. Bd2 Rc2 22. Rfc1 c5 23. Rxc2 Bxc2 24. Rc1 Be4 25. Rxc5 e6 26. Bc1 Bf8 27. Rc3 Bd5 28. Ne5 Rb1 29. f3 Bxa3 30. Rxa3 Rxc1+ 31. Kf2 Rc2+ 32. Kg3 Bb7 33. e4 Rc7 34. Nd3 Rc4 35. Nc5 Bc8 36. Rb3 Rxd4 37. Rb8 Rd8 38. Nxa6 Kf8 39. Nb4 Re8 40. Nc6 Bd7 41. Rxe8+ Bxe8 42. Ne5 f6 43. Nd3 e5 44. Kf2 Bb5 45. Nb4 Kf7 46. Nd5 Bc4 47. Ne3 Bb5 48. g4 Ke6 49. Kg3 1/2-1/2


[Site "https://www.chess.com"]

[Event "Titled Tuesday Blitz January 25 2022"]
[White "Demchenko, Anton"]
[Black "Senthil Maran K"]
[WhiteFideId "4160258"]
[BlackFideId "25035681"]
[WhiteElo "2539"]
[BlackElo "2194"]
[Result "1-0"]
[Round "06"]
[TimeControl "180+1"]
[Date "2022.01.26"]
[WhiteClock "0:00:47"]
[BlackClock "0:00:01"]

1. e4 c6 2. d4 d5 3. e5 Bf5 4. Bd3 Bxd3 5. Qxd3 e6 6. Ne2 Ne7 7. O-O c5 8. c3 Nec6 9. Nd2 Nd7 10. Nf3 Qb6 11. Ng3 Rc8 12. a3 Qa6 13. Qd1 h6 14. Be3 Be7 15. h4 O-O 16. Nh5 Rfd8 17. Nh2 Nf8 18. Qg4 Ng6 19. Rad1 cxd4 20. cxd4 Bf8 21. Ng3 Kh8 22. f4 Nce7 23. h5 Nf5 24. Nxf5 exf5 25. Qxf5 Ne7 26. Qxf7 Ng8 27. Rd2 Rc6 28. Qf5 Rdc8 29. Qb1 Qb5 30. f5 Qb3 31. Rd3 Rc5 32. Rxb3 1-0


[Site "https://www.chess.com"]

[Event "Titled Tuesday Blitz January 25 2022"]
[White "Djordjevic, Vuk"]
[Black "Zhigalko, Sergei"]
[WhiteFideId "902098"]
[BlackFideId "13502956"]
[WhiteElo "2463"]
[BlackElo "2662"]
[Result "0-1"]
[Round "06"]
[TimeControl "180+1"]
[Date "2022.01.26"]
[WhiteClock "0:00:04"]
[BlackClock "0:00:02"]

1. d4 Nf6 2. Bg5 e6 3. e4 h6 4. Bxf6 Qxf6 5. c3 g6 6. e5 Qe7 7. f4 d5 8. Nf3 h5 9. h4 c5 10. a3 c4 11. Nbd2 Qc7 12. b3 cxb3 13. Qxb3 Nc6 14. Bd3 Be7 15. O-O Bd7 16. Rfc1 Na5 17. Qa2 O-O 18. c4 dxc4 19. Nxc4 Rfc8 20. Nd6 Qxc1+ 21. Rxc1 Rxc1+ 22. Kh2 Rc3 23. Qe2 Bc6 24. a4 Rd8 25. Qd2 Rxd3 26. Qxd3 Bxf3 27. Qxf3 Bxd6 28. exd6 Rxd6 29. Qc3 Nc6 30. Qb2 Rd7 31. Qb5 a6 32. Qb6 Nxd4 33. Qa7 Nc6 34. Qa8+ Kg7 35. Qc8 Re7 36. Kh3 Nd4 37. Qc3 Rd7 38. Kh2 Kh7 39. Qc4 Nf5 40. Kh3 Kg7 41. Qb3 Re7 42. Qb2+ Kh7 43. Qf6 Rd7 44. Qb2 Rd3+ 45. Kh2 Ne3 46. Qxb7 Ng4+ 47. Kg1 Rd1# 0-1


[Site "https://www.chess.com"]

[Event "Titled Tuesday Blitz January 25 2022"]
[White "Domingo Nunez, Alejandro"]
[Black "Rastbod, Ali"]
[WhiteFideId "22245561"]
[BlackFideId "12567477"]
[WhiteElo "2215"]
[BlackElo "2200"]
[Result "0-1"]
[Round "06"]
[TimeControl "180+1"]
[Date "2022.01.26"]
[WhiteClock "0:00:04"]
[BlackClock "0:00:31"]

1. c4 e5 2. g3 c6 3. Bg2 d5 4. b3 d4 5. e3 Nf6 6. exd4 Qxd4 7. Nc3 Bc5 8. Qe2 Bg4 9. Bf3 O-O 10. Bb2 Bxf3 11. Nxf3 Qd8 12. O-O-O Re8 13. Ne4 Nxe4 14. Qxe4 Nd7 15. Rhe1 h6 16. Qf5 Bxf2 17. Nxe5 Nxe5 18. Rxe5 Rxe5 19. Qxe5 f6 20. Qe6+ Kh8 21. d4 Qe8 22. Qxe8+ Rxe8 23. Kd2 Kg8 24. Rf1 Be3+ 25. Kd3 Kf7 26. h4 h5 27. Ba3 Bh6 28. Rf3 g6 29. Bc5 b6 30. Bd6 Rd8 31. Bc7 Rd7 32. Be5 f5 33. a4 Bg7 34. Re3 Bh6 35. Re1 Bf8 36. Re2 Bb4 37. Bf4 a5 38. Be5 Be7 39. Rd2 g5 40. hxg5 Bxg5 41. Rf2 Kg6 42. Re2 h4 43. gxh4 Bxh4 44. Rg2+ Kh5 45. Bf4 Bf6 46. Rg4 Kxg4 0-1


[Site "https://www.chess.com"]

[Event "Titled Tuesday Blitz January 25 2022"]
[White "Donchenko, Alexander"]
[Black "Suarez Uriel, Adrian"]
[WhiteFideId "24603295"]
[BlackFideId "22230874"]
[WhiteElo "2539"]
[BlackElo "2316"]
[Result "1-0"]
[Round "06"]
[TimeControl "180+1"]
[Date "2022.01.26"]
[WhiteClock "0:01:13"]
[BlackClock "0:01:07"]

1. d4 Nf6 2. c4 g6 3. g3 Bg7 4. Bg2 c6 5. e4 O-O 6. Nc3 d5 7. cxd5 cxd5 8. e5 Ne8 9. Nxd5 Nc6 10. Be3 Nc7 11. Nxc7 Qxc7 12. Ne2 Rd8 13. f4 Bg4 14. O-O Bxe2 15. Qxe2 Nxd4 16. Qf2 Nf5 17. Bxa7 Qc4 18. Rfc1 Qa6 19. Bb6 Rd7 20. a4 e6 21. Bf1 Rd2 22. Bxa6 Rxf2 23. Bxb7 Rxb2 24. Bxa8 Rxb6 25. a5 Rb2 26. a6 Bf8 27. Rc8 Kg7 28. Rxf8 Kxf8 29. a7 1-0


[Site "https://www.chess.com"]

[Event "Titled Tuesday Blitz January 25 2022"]
[White "Efimenko, Zahar"]
[Black "Al Hosani, Omran"]
[WhiteFideId "14107201"]
[BlackFideId "9308733"]
[WhiteElo "2528"]
[BlackElo "2246"]
[Result "1-0"]
[Round "06"]
[TimeControl "180+1"]
[Date "2022.01.26"]
[WhiteClock "0:00:34"]
[BlackClock "0:00:04"]

1. Nf3 Nf6 2. g3 g6 3. b3 Bg7 4. Bb2 O-O 5. Bg2 d6 6. d4 Nbd7 7. O-O e5 8. dxe5 Ng4 9. c4 Ngxe5 10. Nxe5 Nxe5 11. Nc3 a5 12. Qd2 Re8 13. h3 Bf5 14. f4 Nc6 15. e4 Bd7 16. Nd5 a4 17. b4 Be6 18. Bxg7 Kxg7 19. Qc3+ f6 20. a3 Bxd5 21. cxd5 Na7 22. Rae1 Nb5 23. Qb2 c6 24. dxc6 bxc6 25. Kh2 Qc7 26. Rc1 Rac8 27. e5 dxe5 28. Bxc6 Qxc6 29. Rxc6 Rxc6 30. Rc1 Rd6 31. fxe5 Rxe5 32. Rc5 Rde6 33. Rxe5 Rxe5 34. Qc2 g5 35. Qxa4 h5 36. Kg1 Kh6 37. Qa6 Nd4 38. Qd3 Rd5 39. Qe4 Rd6 40. a4 Ne6 41. a5 Ng7 42. b5 Rd1+ 43. Kf2 f5 44. Qe5 Kh7 45. a6 h4 46. gxh4 g4 47. hxg4 fxg4 48. Qe4+ Kg8 49. Qxg4 Rd2+ 50. Ke1 Ra2 51. Qc4+ 1-0


[Site "https://www.chess.com"]

[Event "Titled Tuesday Blitz January 25 2022"]
[White "Eljanov, Pavel"]
[Black "Risteski, Emil"]
[WhiteFideId "14102951"]
[BlackFideId "15005267"]
[WhiteElo "2601"]
[BlackElo "2070"]
[Result "1-0"]
[Round "06"]
[TimeControl "180+1"]
[Date "2022.01.26"]
[WhiteClock "0:00:18"]
[BlackClock "0:00:02"]

1. c4 d6 2. Nc3 e5 3. Nf3 Nf6 4. d4 Nbd7 5. e4 Be7 6. Be2 O-O 7. O-O c6 8. Qc2 a6 9. Rd1 Qc7 10. Be3 Re8 11. h3 Bf8 12. Rac1 exd4 13. Bxd4 a5 14. a3 Ne5 15. Nh2 Nfd7 16. f4 Ng6 17. g3 Nc5 18. h4 a4 19. Bxc5 dxc5 20. h5 Nxf4 21. gxf4 Qxf4 22. Bf1 Re5 23. Bg2 Rxh5 24. Nf1 Bh3 25. Rd2 Bd6 26. Rcd1 Bxg2 27. Rxg2 Be5 28. Ne2 Qh6 29. Neg3 Rh3 30. Qf2 Rf8 31. Qxc5 Bf4 32. Qf2 Qh4 33. Rd3 h5 34. Rh2 Rxh2 35. Qxh2 Qe7 36. Qxh5 1-0


[Site "https://www.chess.com"]

[Event "Titled Tuesday Blitz January 25 2022"]
[White "Erdogdu, Mert"]
[Black "Lavrov, Maxim"]
[WhiteFideId "6301495"]
[BlackFideId "4166418"]
[WhiteElo "2485"]
[BlackElo "2192"]
[Result "1-0"]
[Round "06"]
[TimeControl "180+1"]
[Date "2022.01.26"]
[WhiteClock "0:00:10"]
[BlackClock "0:00:06"]

1. e4 e5 2. f4 exf4 3. Nf3 d5 4. exd5 Nf6 5. d4 Nxd5 6. Bc4 c6 7. O-O Bd6 8. Nc3 Be6 9. Bb3 O-O 10. Ne4 Bc7 11. Nc5 Bc8 12. Nd3 Nd7 13. Bxd5 cxd5 14. Bxf4 Bxf4 15. Nxf4 Nf6 16. Qd3 Ne4 17. c4 Bf5 18. Nxd5 Ng3 19. Qa3 Nxf1 20. Ne7+ Kh8 21. Nxf5 Qf6 22. Nd6 Nd2 23. Ne5 Rad8 24. c5 Qf4 25. Qd3 b6 26. g3 Qf6 27. b4 bxc5 28. bxc5 Qe6 29. Qxd2 f6 30. Nec4 Qd5 31. Re1 f5 32. Re7 f4 33. gxf4 Rf6 34. Ne5 Rdf8 35. f5 Rb8 36. Qd1 Qxa2 37. Nd7 Rff8 38. Nxb8 Rxb8 39. c6 h6 40. c7 Rb1 41. c8=Q+ Kh7 42. Rxg7+ Kxg7 43. Qd7+ Kf6 44. Qe6+ Kg5 45. Qg6+ Kf4 46. Qg4+ Ke3 47. Qe4# 1-0


[Site "https://www.chess.com"]

[Event "Titled Tuesday Blitz January 25 2022"]
[White "Evdokimov, Alexander A."]
[Black "Guliev, Logman"]
[WhiteFideId "4139275"]
[BlackFideId "13400061"]
[WhiteElo "2444"]
[BlackElo "2128"]
[Result "1-0"]
[Round "06"]
[TimeControl "180+1"]
[Date "2022.01.26"]
[WhiteClock "0:00:47"]
[BlackClock "0:00:06"]

1. Nf3 Nf6 2. g3 g6 3. Bg2 Bg7 4. O-O O-O 5. d4 d5 6. c4 c6 7. Nc3 dxc4 8. a4 Na6 9. Ne5 Be6 10. e4 Nb4 11. Be3 Nd7 12. Nf3 a5 13. Ng5 Nf6 14. Nxe6 fxe6 15. Qe2 Nd3 16. b3 e5 17. dxe5 Nxe5 18. Rad1 Qc8 19. bxc4 Qe6 20. c5 Qc4 21. Bd4 Nfg4 22. Qxc4+ Nxc4 23. Bxg7 Kxg7 24. Rd7 Rf7 25. Rxb7 Nd2 26. Rd1 Rxf2 27. Rxe7+ Kf6 28. Rd7 Nf3+ 29. Bxf3 Rxf3 30. Ne2 Ne3 31. Nd4 Rxg3+ 32. hxg3 Nxd1 33. e5+ Kg5 34. Ne6+ Kf5 35. Ng7+ Kxe5 36. Rxd1 Rg8 37. Rd7 Kf6 38. Rc7 Rxg7 39. Rxc6+ Ke5 40. Ra6 Rc7 41. Rxa5 Kd4 42. Kg2 Rxc5 43. Rxc5 Kxc5 44. Kf3 h6 45. Kf4 Kb4 46. Ke5 Kxa4 47. Kf6 g5 48. Kg6 Kb5 49. Kxh6 g4 50. Kg5 1-0


[Site "https://www.chess.com"]

[Event "Titled Tuesday Blitz January 25 2022"]
[White "Ezat, Mohamed"]
[Black "Orlov, Georgi"]
[WhiteFideId "10600906"]
[BlackFideId "2011271"]
[WhiteElo "2386"]
[BlackElo "2453"]
[Result "1/2-1/2"]
[Round "06"]
[TimeControl "180+1"]
[Date "2022.01.26"]
[WhiteClock "0:00:12"]
[BlackClock "0:00:09"]

1. d4 Nf6 2. Nf3 e6 3. e3 b6 4. Bd3 Bb7 5. Nbd2 c5 6. O-O Be7 7. b3 O-O 8. Bb2 d6 9. c4 Nbd7 10. Rc1 Qc7 11. Re1 Rfe8 12. Qe2 Nf8 13. Nf1 Ng6 14. Ng3 Bc6 15. Ng5 Qb7 16. f4 cxd4 17. Bxd4 e5 18. fxe5 dxe5 19. Bb2 Bc5 20. Kh1 Nh4 21. e4 Ng6 22. Qf3 Rad8 23. Nf5 h6 24. Nh3 Rxd3 25. Qxd3 Bxe4 26. Qf1 Qd7 27. Nxh6+ gxh6 28. Qxf6 Bxg2+ 29. Kxg2 Qg4+ 30. Kh1 Qxh3 31. Rc3 Qd7 32. Rg3 Re6 33. Qf5 Qc6+ 34. Qe4 Qxe4+ 35. Rxe4 Kh7 36. h4 f5 37. Re2 e4 38. h5 Ne5 39. Reg2 Ng4 40. Rd2 Re7 41. Rd1 e3 42. Re1 Nf2+ 43. Kg2 Nd3 44. Re2 Nf4+ 45. Kf3 Nxe2 46. Kxe2 f4 47. Rf3 Re4 48. Bc3 a5 49. Bf6 Kg8 50. Bd8 Kf7 51. Bc7 Ke6 52. Bxf4 a4 53. Bxe3 axb3 54. axb3 Rh4 55. Kd3 Rxh5 56. Bxc5 bxc5 57. Rg3 Rg5 58. Rh3 h5 59. Kc3 Kf5 60. b4 cxb4+ 61. Kxb4 Kg4 62. Rh1 Rf5 63. c5 h4 64. Kb5 h3 65. Kb6 Rf2 66. c6 Rb2+ 67. Kc7 h2 68. Kd7 Rd2+ 69. Kc8 Kg3 70. c7 Kg2 71. Rxh2+ Kxh2 72. Kb8 Rb2+ 73. Kc8 Rc2 74. Kb8 Rxc7 75. Kxc7 1/2-1/2


[Site "https://www.chess.com"]